 Dungeon Crawl Stone Soup version 0.30-a0-1163-gf69bf04e7a (webtiles) character file.

Game seed: 10962159393291518515

107 Darkkill the Shooter (level 4, -3/38 HPs)
             Began as a Minotaur Hunter on Apr 28, 2023.
             Slain by an orc priest
             ... wielding a +0 whip
              (6 damage)
             ... on level 3 of the Dungeon.
             The game lasted 00:01:34 (1239 turns).

Darkkill the Shooter (Minotaur Hunter)              Turns: 1239, Time: 00:01:34

Health: -3/38      AC:  3    Str: 16    XL:     4   Next: 56%
Magic:  3/3        EV: 12    Int:  6    God:
Gold:   107        SH:  0    Dex: 15    Spells: 3/3 levels left

rFire   . . .        a - +0 shortbow
rCold   . . .        (shield currently unavailable)
rNeg    . . .        c - +0 leather armour
rPois   .            (helmet restricted)
rElec   .            (no cloak)
rCorr   .            (no gloves)
SInv    .            (no boots)
Will    .....        (no amulet)
Stlth   ++           (no ring)
HPRegen 0.26/turn    (no ring)
MPRegen 0.08/turn

%: no passive effects
@: no status effects
A: horns 2, retaliatory headbutt
a: no special abilities


You were on level 3 of the Dungeon.
You visited 1 branch of the dungeon, and saw 3 of its levels.

You collected 107 gold pieces.

Inventory:

Hand Weapons
 a - a +0 shortbow (weapon)
Missiles
 d - 10 stones
 h - 7 poisoned darts
 j - 3 throwing nets {=f !f}
Armour
 c - a +0 leather armour (worn)
Scrolls
 b - a scroll of immolation
 o - a scroll of teleportation
Potions
 e - a potion of berserk rage
 f - a potion of lignification
 g - a potion of brilliance {unknown}
 i - a potion of heal wounds {unknown}
 l - a potion of attraction {unknown}
 n - 3 potions of ambrosia
 p - a potion of invisibility {unknown}


   Skills:
 + Level 3.5 Fighting
 + Level 5.0 Ranged Weapons
 + Level 3.3 Dodging
 + Level 2.0 Stealth


You had 3 spell levels left.
You didn't know any spells.
Your spell library was empty.

Dungeon Overview and Level Annotations

Branches:
Dungeon (3/15)

Altars:
Vehumet


Innate Abilities, Weirdness & Mutations

You have a pair of horns on your head.
You reflexively headbutt those who attack you in melee.


Message History

There are monsters nearby!
You are too injured to fight recklessly!
There are monsters nearby!
Fire: a) +0 shortbow
Press: ? - help, Q - select action, (/) - cycle Shift-Dir - straight line, f/p - orc priest
Aim: an orc priest, wielding a +0 club and wearing a +0 leather armour (heavily wounded, 62% to hit)
You shoot an arrow. The arrow barely misses the orc priest.
The frilled lizard hisses angrily.
The orc priest shouts!
The arrow hits the orc!
You kill the orc!
The orc priest mumbles some strange prayers to Beogh against you.
Beogh smites you!
Fire: a) +0 shortbow
Press: ? - help, Q - select action, (/) - cycle Shift-Dir - straight line, f/p - orc priest
Aim: an orc priest, wielding a +0 club and wearing a +0 leather armour (heavily wounded, 62% to hit)
You shoot an arrow. The arrow hits the orc priest!
You kill the orc priest!
A bat comes into view.
Your Ranged Weapons skill increases to level 5!
Your Stealth skill increases to level 2!
Fire: a) +0 shortbow
Press: ? - help, Q - select action, (/) - cycle Shift-Dir - straight line, f - endoplasm
Aim: an endoplasm (86% to hit)
You shoot an arrow. The arrow hits the endoplasm.
You kill the endoplasm!
Fire: a) +0 shortbow
Press: ? - help, Q - select action, (/) - cycle Shift-Dir - straight line, f - bat
Aim: a bat (48% to hit)
You shoot an arrow. The arrow completely misses the bat.
The arrow hits the orc priest.
The orc priest is lightly wounded.
The bat misses you. You furiously retaliate!
You headbutt the bat.
You kill the bat!
Fire: a) +0 shortbow
Press: ? - help, Q - select action, (/) - cycle Shift-Dir - straight line, f - frilled lizard
Aim: a frilled lizard (44% to hit)
You shoot an arrow.
The arrow closely misses the frilled lizard.
The frilled lizard closely misses you. You furiously retaliate!
You headbutt the frilled lizard.
You kill the frilled lizard!
Fire: a) +0 shortbow
Press: ? - help, Q - select action, (/) - cycle Shift-Dir - straight line, f - orc priest
Aim: an orc priest, wielding a +0 whip (lightly wounded, 62% to hit)
You shoot an arrow.
The arrow completely misses the orc priest.
Fire: a) +0 shortbow
Press: ? - help, Q - select action, (/) - cycle Shift-Dir - straight line, f/p - orc priest
Aim: an orc priest, wielding a +0 whip (lightly wounded, 62% to hit)
You shoot an arrow.
The arrow closely misses the orc priest.
The orc priest hits you with a +0 whip.
Fire: a) +0 shortbow
Press: ? - help, Q - select action, (/) - cycle Shift-Dir - straight line, f/p - orc priest
Aim: an orc priest, wielding a +0 whip (lightly wounded, 62% to hit)
You shoot an arrow. The arrow hits the orc priest.
The orc priest is heavily wounded.
The orc priest barely misses you. The orc priest hits you with a +0 whip.
Fire: a) +0 shortbow
Press: ? - help, Q - select action, (/) - cycle Shift-Dir - straight line, f/p - orc priest
Aim: an orc priest, wielding a +0 whip (heavily wounded, 62% to hit)
You shoot an arrow. The arrow hits the orc priest.
The orc priest is almost dead.
The orc priest calls down the wrath of Beogh upon you.
Pain shoots through your body!
* * * LOW HITPOINT WARNING * * *
Fire: a) +0 shortbow
Press: ? - help, Q - select action, (/) - cycle Shift-Dir - straight line, f/p - orc priest
Aim: an orc priest, wielding a +0 whip (almost dead, 62% to hit)
You shoot an arrow.
The arrow closely misses the orc priest.
The orc priest looks braver for a moment.
Fire: a) +0 shortbow
Press: ? - help, Q - select action, (/) - cycle Shift-Dir - straight line, f/p - orc priest
Aim: an orc priest, wielding a +0 whip (almost dead, 62% to hit)
You shoot an arrow. The arrow barely misses the orc priest.
The orc priest hits you with a +0 whip.
* * * LOW HITPOINT WARNING * * *
The orc priest hits you with a +0 whip.
* * * LOW HITPOINT WARNING * * *
Unknown command.
Fire: a) +0 shortbow
Press: ? - help, Q - select action, (/) - cycle Shift-Dir - straight line, f/p - orc priest
Aim: an orc priest, wielding a +0 whip (almost dead, 62% to hit)
You shoot an arrow. The arrow barely misses the orc priest.
The orc priest hits you but does no damage.
Fire: a) +0 shortbow
Press: ? - help, Q - select action, (/) - cycle Shift-Dir - straight line, f/p - orc priest
Aim: an orc priest, wielding a +0 whip (almost dead, 62% to hit)
You shoot an arrow.
The arrow closely misses the orc priest.
The orc priest closely misses you.
Fire: a) +0 shortbow
Press: ? - help, Q - select action, (/) - cycle Shift-Dir - straight line, f/p - orc priest
Aim: an orc priest, wielding a +0 whip (almost dead, 62% to hit)
You shoot an arrow.
The arrow closely misses the orc priest.
The orc priest hits you with a +0 whip.
You die...

....#.
####.#..........# ##
##..
....>..........#
#..###..####.#.....#
#........##..#######
#........#..##
#..........##
..........##
!.....[<.##
.......@.#
..)...†o.#
.......).#
........## .....##)#
..... ... .... ...
.... ...


You could see an orc priest.

Vanquished Creatures
  An orc priest (D:3)
  4 adders (D:2)
  An orc (D:3)
  4 ball pythons
  6 endoplasms
  3 giant cockroaches
  4 goblins
  2 hobgoblins
  3 quokkas
  6 bats
  A frilled lizard (D:3)
  4 kobolds
  2 rats
41 creatures vanquished.

Notes
Turn   | Place    | Note
-------+----------+-------------------------------------------
     0 | D:1      | Darkkill the Minotaur Hunter began the quest for the Orb.
     0 | D:1      | Reached XP level 1. HP: 18/18 MP: 0/0
   110 | D:1      | Reached skill level 1 in Stealth
   215 | D:1      | Reached XP level 2. HP: 25/25 MP: 1/1
   410 | D:1      | Found a faded altar of an unknown god.
   604 | D:2      | HP: 3/25 [adder (3)]
   605 | D:2      | HP: 1/25 [poisoned by an adder]
   690 | D:2      | Reached XP level 3. HP: 31/31 MP: 2/2
   871 | D:2      | Found a radiant altar of Vehumet.
   971 | D:2      | Reached XP level 4. HP: 38/38 MP: 3/3
  1228 | D:3      | Reached skill level 5 in Ranged Weapons
  1236 | D:3      | HP: 4/38 [orc priest/+0 whip (6)]
  1239 | D:3      | Slain by an orc priest

Illustrated notes

Levels and vault maps discovered:
D:1:      lightli_arrival_maybe_door_vault, layout_basic,
          ebering_ecumenical_altar_box
D:2:      layout_rooms, basic_altar, grunt_ministairs_11
D:3:      layout_rooms

Skill      XL: |  1  2  3  4 |
---------------+-------------+-----
Stealth        | 1 2 |  2.0
Fighting       | 3 |  3.5
Dodging        | 3 |  3.3
Ranged Weapons | 5 |  5.0

Action                     |  1- 3 |  4- 6 || total
---------------------------+-------+-------++-------
   Fire: Shortbow          |    90 |    23 ||   113
    Use: Scroll            |     5 |     3 ||     8
         Potion            |     2 |       ||     2
 Armour: Leather armour    |    10 |     1 ||    11
  Dodge: Dodged            |    40 |     5 ||    45

Table legend: (Time is in decaauts)
 A = Elapsed time spent in this place.
 B = Non-inter-level travel time spent in this place.
 C = Inter-level travel time spent in this place.
 D = Time resting spent in this place.
 E = Time spent auto-exploring this place.
 F = Levels seen in this place.
 G = Mean time per level.
                   A        B        C        D        E       F      G
               +--------+--------+--------+--------+--------+-----+--------+
         Total |   1272 |   1228 |     44 |      0 |    982 |   3 |  424.0 |
       Dungeon |   1272 |   1228 |     44 |      0 |    982 |   3 |  424.0 |
               +--------+--------+--------+--------+--------+-----+--------+

Top non-repeatable levels by time:
     D:2: 660 daAuts
     D:1: 535 daAuts
     D:3: 77 daAuts

Levels and vault maps discovered:
D:1:      lightli_arrival_maybe_door_vault, layout_basic,
          ebering_ecumenical_altar_box
D:2:      layout_rooms, basic_altar, grunt_ministairs_11
D:3:      layout_rooms

Table legend: (Time is in decaauts)
 A = Elapsed time spent in this place.
 B = Non-inter-level travel time spent in this place.
 C = Inter-level travel time spent in this place.
 D = Time resting spent in this place.
 E = Time spent auto-exploring this place.
 F = Levels seen in this place.
 G = Mean time per level.
                   A        B        C        D        E       F      G
               +--------+--------+--------+--------+--------+-----+--------+
         Total |   1272 |   1228 |     44 |      0 |    982 |   3 |  424.0 |
       Dungeon |   1272 |   1228 |     44 |      0 |    982 |   3 |  424.0 |
               +--------+--------+--------+--------+--------+-----+--------+

Top non-repeatable levels by time:
     D:2: 660 daAuts
     D:1: 535 daAuts
     D:3: 77 daAuts

Table legend:
 A = Kills in this place as a percentage of kills in the entire game.
 B = Kills by you in this place as a percentage of kills by you in the entire game.
 C = Kills by friends in this place as a percentage of kills by friends in the entire game.
 D = Other kills in this place as a percentage of other kills in the entire game.
 E = Experience gained in this place as a percentage of experience gained in the entire game.
 F = Experience gained in this place divided by the number of levels of this place that you have seen.
                   A       B       C       D       E      F
               +-------+-------+-------+-------+-------+----------------------
         Total | 100.0 | 100.0 |   N/A |   N/A | 100.0 |  51.0
       Dungeon | 100.0 | 100.0 |   N/A |   N/A | 100.0 |  51.0
               +-------+-------+-------+-------+-------+----------------------
